 Dungeon Crawl Stone Soup version 0.29-a0-330-g52719c12eb (webtiles) character file.

Game seed: 5698350023663171526

263 kae the Magician (level 5, -1/28 HPs)
             Began as a Deep Elf Fire Elementalist on May 2, 2022.
             Killed from afar by a ynoxinul (26 damage)
             ... with an iron shot
             ... on level 4 of the Dungeon.
             The game lasted 00:03:24 (4462 turns).

kae the Magician (Deep Elf Fire Elementalist)       Turns: 4462, Time: 00:03:24

Health: -1/28      AC:  4    Str:  5    XL:     5   Next: 97%
Magic:  9/14       EV: 13    Int: 22    God:
Gold:   193        SH:  0    Dex: 15    Spells: 1/14 levels left

rFire   + + .      SeeInvis .   n - staff of fire
rCold   x . .      Faith    .   (no shield)
rNeg    . . .      Spirit   .   a - +0 robe
rPois   .          Reflect  .   v - +0 helmet
rElec   .          Harm     .   (no cloak)
rCorr   .          Rampage  .   l - +0 pair of gloves
Will    +....                   (no boots)
Stlth   ++........              (no amulet)
HPRegen 0.09/turn               s - ring of fire
MPRegen 0.14/turn               e - ring of willpower

@: no status effects
A: no striking features
a: no special abilities


You were on level 4 of the Dungeon.
You visited 1 branch of the dungeon, and saw 4 of its levels.

You collected 193 gold pieces.

Inventory:

Hand Weapons
 c - a +1 falchion
 p - the +4 war axe of Gouloviu {vorpal, Str+3}
   (You found it on level 3 of the Dungeon)

   It inflicts extra damage upon your enemies.
   Str:       It affects your strength (+3).
Armour
 a - a +0 robe (worn)
 l - a +0 pair of gloves (worn)
 v - a +0 helmet (worn)
Magical Staves
 n - a staff of fire (weapon)
Jewellery
 e - a ring of willpower (right hand)
 f - a +6 ring of strength
 s - a ring of fire (left hand)
Wands
 q - a wand of polymorph (1)
Scrolls
 o - 2 scrolls of teleportation
 u - a scroll of identify
 w - a scroll of brand weapon {unknown}
Potions
 b - a potion of magic
 d - a potion of brilliance
 g - 2 potions of heal wounds
 h - a potion of flight {unknown}
 i - 2 potions of curing {unknown}
 j - a potion of attraction {unknown}
 k - a potion of ambrosia {unknown}
 m - a potion of mutation {unknown}
 r - a potion of degeneration {unknown}
 t - a potion of might {unknown}


   Skills:
 + Level 0.5 Fighting
 + Level 0.6 Armour
 + Level 2.8 Dodging
 - Level 2.4 Stealth
 + Level 5.1 Spellcasting
 + Level 3.5 Conjurations
 + Level 4.8 Fire Magic


You had one spell level left.
You knew the following spells:

 Your Spells              Type           Power      Damage    Failure   Level
a - Foxfire               Conj/Fire      100%       2x1d9     1%          1
b - Scorch                Fire           100%       2d10      1%          2
c - Conjure Flame         Conj/Fire      53%        6-21      5%          3
d - Inner Flame           Hex/Fire       36%        N/A       11%         3
e - Flame Wave            Conj/Fire      53%        2d11      17%         4

Your spell library contained the following spells:

 Spells                   Type           Power      Damage    Failure   Level
 Apportation              Tloc           10%        N/A       10%         1
 Gell's Gravitas          Tloc           5%         N/A       30%         3
 Lesser Beckoning         Tloc           5%         N/A       30%         3
 Teleport Other           Tloc           5%         N/A       30%         3
 Tukima's Dance           Hex            5%         N/A       30%         3
 Anguish                  Hex/Necr       2%         N/A       69%         4
 Cause Fear               Hex            2%         N/A       69%         4
 Alistair's Intoxication  Tmut/Pois      3%         N/A       95%         5
 Dragon Form              Tmut           2%         N/A       100%        7
 Enfeeble                 Hex            2%         N/A       100%        7
 Dragon's Call            Summ           2%         N/A       100%        9


Dungeon Overview and Level Annotations

Branches:
Dungeon (4/15)
 Temple: D:4-7

Altars:
Elyvilon
Vehumet
Yredelemnul

Annotations:
D:4 1 runed translucent door, Crazy Yiuf


Message History

Something tries to feed on your intellect!
Aiming: Polymorph
Press: ? - help, Shift-Dir - straight line, f/p - neqoxec
Aim: a neqoxec (will become a ynoxinul, a hellwing, or an efreet, chance to affect: 31%)
The neqoxec easily resists.
Aiming: Polymorph
Press: ? - help, Shift-Dir - straight line, f/p - neqoxec
Aim: a neqoxec (will become a ynoxinul, a hellwing, or an efreet, chance to affect: 31%)
The neqoxec evaporates and reforms as a ynoxinul!
Press: ? - help, v - describe, . - travel The floor.
The ynoxinul gestures.
Casting: Foxfire (safe; 1% risk of failure)
Confirm with . or Enter, or press ? or * to list all spells.
The spell is quite dangerous to miscast (5% risk of failure)!
Continue anyway?
You feel a strong surge of power!
The fire begins to smoulder!
The fire ignites!
Casting: Conjure Flame (quite dangerous; 5% risk of failure)
Confirm with . or Enter, or press ? or * to list all spells.
You feel a strong surge of power!
You conjure some foxfire!
The foxfire hits the ufetubus.
The ufetubus is burned terribly!
The ufetubus is almost dead.
Casting: Foxfire (safe; 1% risk of failure)
Confirm with . or Enter, or press ? or * to list all spells.
You feel a strong surge of power!
You conjure some foxfire!
The foxfire hits the ynoxinul.
The ynoxinul is lightly wounded.
The foxfire hits the ynoxinul but does no damage.
The ynoxinul is lightly wounded.
Your foxfire dissipates!
Casting: Foxfire (safe; 1% risk of failure)
Confirm with . or Enter, or press ? or * to list all spells.
You feel a strong surge of power!
You conjure some foxfire!
The ynoxinul gestures.
The foxfire hits the ufetubus.
The ufetubus is burned terribly!
The ufetubus is severely wounded.
The ynoxinul gestures at you. The iron shot hits you!!
Ouch! That really hurt!
You die...

##................# #.# #.#
#............##..## #.# #.#
#............#<...#
#.####.#
#............#..♣.♣
#.#....#
#............#..♣.♣
#.#.####
##............#..♣.♣ #.#.#
.........##.#.#..♣.♣###.#.#
########..#.#...v♣.♣....#.#
#...........####@♣.♣#####.#
#.....(.....553§5.......#.#
...........#####5######.#.#
.########..# #.# #.#.# .#
##.## #.# ♣♣♣♣.#.# .. #..#
#.#♣♣.♣.♣#.# ... ####
#.♣♣P...♣♣.# ##..
#.♣......♣.# Z.. #####
#...♣....♣.#


You could see a ynoxinul and 4 ufetubi.

Vanquished Creatures
  A hound (D:3)
  2 jellies
  An iguana (D:4)
  A gnoll (D:1)
  5 adders
  4 worms
  A dart slug (D:2)
  2 orcs (D:3)
  6 ball pythons
  3 bats (D:1)
  8 endoplasms
  A giant cockroach (D:1)
  4 goblins
  5 hobgoblins
  10 jackals
  3 quokkas (D:3)
  2 frilled lizards
  A goblin zombie (D:4)
  A hobgoblin zombie (D:4)
  7 kobolds
  2 orc zombies (D:4)
  10 rats
80 creatures vanquished.

Vanquished Creatures (collateral kills)
  A foxfire (D:4)
1 creature vanquished.

Vanquished Creatures (others)
  258 foxfires
  2 fungi (D:4)
  31 plants (D:4)
291 creatures vanquished.

Grand Total: 372 creatures vanquished

Notes
Turn   | Place    | Note
-------+----------+-------------------------------------------
     0 | D:1      | kae the Deep Elf Fire Elementalist began the quest for the
                  | Orb.
     0 | D:1      | Reached XP level 1. HP: 10/10 MP: 6/6
   162 | D:1      | Reached XP level 2. HP: 15/15 MP: 6/8
   195 | D:1      | Learned a level 2 spell: Scorch
   919 | D:2      | Reached XP level 3. HP: 19/19 MP: 6/10
  1196 | D:2      | Reached skill level 4 in Spellcasting
  1273 | D:2      | Found a faded altar of an unknown god.
  1549 | D:2      | Reached XP level 4. HP: 24/24 MP: 10/12
  2204 | D:3      | Learned a level 3 spell: Conjure Flame
  2208 | D:3      | Learned a level 3 spell: Inner Flame
  2575 | D:3      | Identified the +4 war axe of Gouloviu {vorpal, Str+3}
  2954 | D:3      | Reached XP level 5. HP: 28/28 MP: 9/14
  3051 | D:3      | Found a basalt altar of Yredelemnul.
  3054 | D:3      | Found a radiant altar of Vehumet.
  3491 | D:4      | Reached skill level 5 in Spellcasting
  3781 | D:4      | Found a runed translucent door.
  3782 | D:4      | Noticed Crazy Yiuf
  3918 | D:4      | Learned a level 4 spell: Flame Wave
  4301 | D:4      | Found a white marble altar of Elyvilon.
  4448 | D:4      | Noticed a neqoxec
  4448 | D:4      | a crimson imp changed into a neqoxec
  4453 | D:4      | Noticed a ynoxinul
  4453 | D:4      | a neqoxec changed into a ynoxinul
  4462 | D:4      | Killed from afar by a ynoxinul

Illustrated notes

Levels and vault maps discovered:
D:1:      saegor_arrival_simple_e, layout_loops_cross, minmay_small_reverse_x
D:2:      layout_loops_ring, shapermc_ecumenical_altar_notcrosses,
          grunt_ministairs_1, hangedman_abyss_or_decor_lesser_grid
D:3:      layout_basic, jmf_multi_god_temple
D:4:      layout_basic, nicolae_elyvilon_temple_path,
          nicolae_tso_besieged_by_evil, mainiacjoe_overflow_six_doors_small,
          serial_forest, infiniplex_forest_lined_room_3,
          infiniplex_forest_end_2, infiniplex_forest_straight_4,
          infiniplex_forest_end_double, infiniplex_forest_clump_medium,
          infiniplex_forest_straight_2, infiniplex_forest_straight_2,
          infiniplex_forest_join, lexackson_kobold_supper, uniq_ijyb,
          uniq_crazy_yiuf_cottage

Skill      XL: |  1  2  3  4  5 |
---------------+----------------+-----
Conjurations   | 2 3 |  3.5
Spellcasting   | 4 5 |  5.1
Fire Magic     | 4 |  4.8
Fighting       | |  0.5
Armour         | |  0.6
Dodging        | |  2.8
Stealth        | |  2.4

Action                   |  1- 3 |  4- 6 || total
-------------------------+-------+-------++-------
Melee: Staff             |       |    10 ||    10
       Punch             |       |     1 ||     1
 Cast: Foxfire           |    64 |    97 ||   161
       Scorch            |     2 |     5 ||     7
       Conjure Flame     |       |     1 ||     1
Evoke: Wand              |       |     4 ||     4
  Use: Scroll            |     5 |     2 ||     7
Armor: Robe              |     1 |     6 ||     7
Dodge: Dodged            |    18 |    20 ||    38

Table legend: (Time is in decaauts)
 A = Elapsed time spent in this place.
 B = Non-inter-level travel time spent in this place.
 C = Inter-level travel time spent in this place.
 D = Time resting spent in this place.
 E = Time spent auto-exploring this place.
 F = Levels seen in this place.
 G = Mean time per level.
                   A        B        C        D        E       F      G
               +--------+--------+--------+--------+--------+-----+--------+
         Total |   4460 |   4252 |    208 |     38 |   3616 |   4 | 1115.0 |
       Dungeon |   4460 |   4252 |    208 |     38 |   3616 |   4 | 1115.0 |
               +--------+--------+--------+--------+--------+-----+--------+

Top non-repeatable levels by time:
     D:2: 1303 daAuts
     D:3: 1275 daAuts
     D:4: 991 daAuts
     D:1: 890 daAuts
